 Dungeon Crawl Stone Soup version 0.28-a0-312-gbced6e68ee (webtiles) character file.

Game seed: 16126429683345026767

10 crash2bomber the Cudgeller (level 2, -1/17 HPs)
             Began as a Gargoyle Gladiator on Aug 30, 2021.
             Killed from afar by a dart slug (2 damage)
             ... with a slug dart
             ... on level 1 of the Dungeon.
             The game lasted 00:02:56 (281 turns).

crash2bomber the Cudgeller (Gargoyle Gladiator)      Turns: 281, Time: 00:02:56

Health: -1/17      AC:  6    Str: 17    XL:     2   Next: 20%
Magic:  2/2        EV: 12    Int:  8    God:
Gold:   5          SH:  0    Dex: 11    Spells: 1/1 levels left

rFire   . . .      SeeInvis .   a - +0 flail
rCold   . . .      Faith    .   (no shield)
rNeg    + . .      Spirit   .   b - +0 leather armour
rPois   ∞          Reflect  .   c - +0 helmet
rElec   +          Harm     .   (no cloak)
rCorr   .          Rampage  .   (no gloves)
Will    .....                   (no boots)
Stlth   +.........              (no amulet)
HPRegen 0.05/turn               (no ring)
MPRegen 0.08/turn               (no ring)

@: no status effects
A: sickness immunity, AC +2, negative energy resistance 1, electricity
resistance, torment resistance 1, petrification resistance
a: no special abilities


You were on level 1 of the Dungeon.
You visited 1 branch of the dungeon, and saw 1 of its levels.

You collected 5 gold pieces.

Inventory:

Hand Weapons
 a - a +0 flail (weapon)
 f - a +0 whip
Missiles
 d - 3 throwing nets (quivered)
 e - 7 boomerangs
 g - 20 stones
Armour
 b - a +0 leather armour (worn)
 c - a +0 helmet (worn)
Scrolls
 h - a scroll of identify {unknown}
 p - a scroll of enchant weapon {unknown}


   Skills:
 + Level 2.2 Fighting
 + Level 3.3 Maces & Flails
 + Level 1.8 Throwing
 + Level 0.3 Armour
 + Level 2.5 Dodging


You had one spell level left.
You didn't know any spells.
Your spell library was empty.

Dungeon Overview and Level Annotations

Branches:
Dungeon (1/15)

Altars:


Innate Abilities, Weirdness & Mutations

You are immune to sickness and miasma.
Your stone body is resilient. (AC +2)
You are immune to poison.
You resist negative energy. (rN+)
You are resistant to electric shocks. (rElec)
You are resistant to unholy torment.
You are immune to petrification.


Message History

You kill the rat!
A giant cockroach comes into view.
Found a scroll labelled OPHEMAE DEIFAE.
Found a flail.
You see here a scroll labelled OPHEMAE DEIFAE.
h - a scroll labelled OPHEMAE DEIFAE A jackal, an endoplasm and a dart slug come into view.
Found 16 gold pieces.
The jackal barks!
The endoplasm quivers.
A kobold comes into view. It is wielding a +0 short sword.
The endoplasm moves out of view.
The kobold shouts!
You see here a +0 flail.
You thump the jackal!
You kill the jackal!
You have reached level 2!
You hit the giant cockroach.
The giant cockroach is moderately wounded.
A bat comes into view.
The giant cockroach closely misses you.
The bat moves out of view.
You hit the giant cockroach.
You kill the giant cockroach!
The kobold completely misses you.
You barely miss the endoplasm.
The endoplasm hits you but does no damage.
The kobold hits you with a +0 short sword.
You sock the endoplasm!
You kill the endoplasm!
The kobold hits you with a +0 short sword.
* * * LOW HITPOINT WARNING * * *
The kobold hits you with a +0 short sword.
* * * LOW HITPOINT WARNING * * *
You are too injured to fight recklessly!
You are too injured to fight recklessly!
You are too injured to fight recklessly!
You barely miss the kobold. The kobold closely misses you.
The dart slug launches a dart at you. The slug dart hits you.
You die...

# #
######....
#.##K@.......
#.#.w###.###.
#......#
#.#..#.#
#.##.#b..
#.##.###$#
#.##..# ...
#.##.## #.#
#....# ##


You could see a dart slug and a kobold.

Vanquished Creatures
  A ball python (D:1)
  An endoplasm (D:1)
  A giant cockroach (D:1)
  2 hobgoblins (D:1)
  A jackal (D:1)
  A kobold (D:1)
  2 rats (D:1)
9 creatures vanquished.

Notes
Turn   | Place    | Note
-------+----------+-------------------------------------------
     0 | D:1      | crash2bomber the Gargoyle Gladiator began the quest for the
                  | Orb.
     0 | D:1      | Reached XP level 1. HP: 12/12 MP: 1/1
   276 | D:1      | Reached XP level 2. HP: 14/17 MP: 2/2
   281 | D:1      | Killed from afar by a dart slug

Illustrated notes

Levels and vault maps discovered:
D:1:      mrwooster_arrival_statue, layout_loops_ring,
          shapermc_ecumenical_altar_flowoftime, minmay_indecisive_spiral

Action                   || total
-------------------------++-------
Melee: Flail             ||    26
Armor: Leather armour    ||     4
Dodge: Dodged            ||    15

Table legend: (Time is in decaauts)
 A = Elapsed time spent in this place.
 B = Non-inter-level travel time spent in this place.
 C = Inter-level travel time spent in this place.
 D = Time resting spent in this place.
 E = Time spent auto-exploring this place.
 F = Levels seen in this place.
 G = Mean time per level.
                   A        B        C        D        E       F      G
               +--------+--------+--------+--------+--------+-----+--------+
         Total |    287 |    287 |      0 |      0 |      0 |   1 |  287.0 |
       Dungeon |    287 |    287 |      0 |      0 |      0 |   1 |  287.0 |
               +--------+--------+--------+--------+--------+-----+--------+

Top non-repeatable levels by time:
     D:1: 287 daAuts
